 Dungeon Sprint DCSS version 0.21.1-1-g345015f (webtiles) character file.

15630 Gingerlord the Eclecticist (level 12, -3/73 HPs)
             Began as a Deep Elf Fire Elementalist on July 4, 2018.
             Was the Champion of Vehumet.
             Slain by a spark wasp (15 damage)
             ... in the Dungeon (Sprint IX: "|||||||||||||||||||||||||||||").
             The game lasted 00:21:16 (3089 turns).

Gingerlord the Eclecticist (DEFE)                   Turns: 3089, Time: 00:21:17

Health: -3/73      AC:  9    Str: 12    XL:     12   Next: 2%
Magic:  3/36       EV: 26    Int: 22    God:    Vehumet [******]
Gold:   926        SH:  0    Dex: 18    Spells: 15/47 levels left

rFire    . . .     SeeInvis .   n - staff of energy
rCold    . . .     Gourm    .   (no shield)
rNeg     . . .     Faith    .   w - +2 robe {MR+}
rPois    .         Spirit   .   a - +0 helmet
rElec    .         Reflect  .   o - +0 cloak
rCorr    .         Harm     .   u - +0 pair of gloves
MR       ++...     NoTele   +   y - +1 pair of boots
Stlth    ++........             (no amulet)
HPRegen  0.22/turn              p - +3 ring of dexterity
MPRegen  0.25/turn              q - +3 ring of strength

@: no status effects
A: no striking features
a: Renounce Religion


You were in the Dungeon.
You worshipped Vehumet.
Vehumet was exalted by your worship.
You were not hungry.

You visited 1 branch You collected 1913 gold pieces.
You spent 987 gold pieces at shops.

Inventory:

Armour
 a - a +0 helmet (worn)
 o - a +0 cloak (worn)
 r - +0 acid dragon scales
 u - a +0 pair of gloves (worn)
 w - a +2 robe of magic resistance (worn)
 y - a +1 pair of boots (worn)
Magical Staves
 n - an uncursed staff of energy (weapon)
Jewellery
 p - a +3 ring of dexterity (left hand)
 q - a +3 ring of strength (right hand)
 z - an uncursed ring of protection from cold
Wands
 m - a wand of iceblast (8)
Scrolls
 i - 5 scrolls of blinking
 k - 6 scrolls of remove curse
 l - 2 scrolls of amnesia
 s - 2 scrolls of identify
 t - a scroll of fear
Potions
 d - a potion of invisibility
 e - 7 potions of heal wounds
 f - 4 potions of haste
 g - a potion of resistance
 h - a potion of berserk rage
 j - 11 potions of curing
 v - a potion of magic
 x - 2 potions of brilliance
 A - a potion of might
Books
 b - a book of Flames

   Spells                             Type                      Level
   a - Flame Tongue                   Conjuration/Fire             1
   b - Throw Flame                    Conjuration/Fire             2
   c - Conjure Flame                  Conjuration/Fire             3
   d - Inner Flame                    Hexes/Fire                   3
   e - Sticky Flame                   Conjuration/Fire             4
   f - Fireball                       Conjuration/Fire             5
Comestibles
 c - 9 rations


   Skills:
 - Level 8.0 Fighting
 * Level 17.0 Dodging
 - Level 2.4 Stealth
 * Level 18.3 Spellcasting
 + Level 14.5 Conjurations
 + Level 14.8 Fire Magic
 + Level 6.7 Earth Magic
 - Level 5.0 Poison Magic


You had 15 spell levels left.
You knew the following spells:

 Your Spells              Type           Power        Failure   Level  Hunger
a - Flame Tongue          Conj/Fire      #####        0%          1    None
b - Conjure Flame         Conj/Fire      ######..     0%          3    None
c - Sticky Flame          Conj/Fire      ######..     1%          4    None
d - Fireball              Conj/Fire      ######....   1%          5    None
e - Ignite Poison         Fire/Tmut/Pois #####...     1%          3    None
f - Iron Shot             Conj/Erth      ######....   1%          6    None
g - Bolt of Magma         Conj/Fire/Erth ######....   1%          5    None
h - Venom Bolt            Conj/Pois      ######....   1%          5    None


Dungeon Overview and Level Annotations

Branches:
Dungeon (1/1)

Altars:
Cheibriados
Dithmenos
Elyvilon
Fedhas
Gozag
Hepliaklqana
Kikubaaqudgha
Makhleb
Nemelex Xobeh
Okawaru
Qazlal
Ru
Sif Muna
Trog
Uskayaw
Vehumet
Wu Jian
Xom
Yredelemnul
Zin
The Shining One
Beogh
Jiyva
Lugonu

Shops:
D [(!!


Message History

The spark wasp is engulfed in blazing flames.
The spark wasp barely misses you.
A glowing orange brain comes into view.
Casting: Sticky Flame
Confirm with . or Enter, or press ? or * to list all spells.
Aiming: Bolt of Magma
Press: ? - help, Shift-Dir - straight line, f/p - spark wasp
Aim: a spark wasp (flame, heavily wounded, covered in liquid flames)
The bolt of magma misses the spark wasp.
The bolt of magma hits the sphinx.
The sphinx is moderately wounded.
The bolt of magma hits the yaktaur.
The yaktaur is severely wounded.
The glowing orange brain turns its attention towards you.
The spark wasp burns!
The spark wasp is engulfed in blazing flames.
The spark wasp stings you!!
* * * LOW HITPOINT WARNING * * *
The spark wasp shocks you!
You die...

▓.▓)▓.▓.▓.▓.▓
▓G▓.▓∩▓.▓.▓.▓[▓
▓.▓.▓.▓.▓.▓.▓[▓
▓.▓.▓∩▓.▓.▓.▓.▓
▓c▓.▓.▓.▓.▓.▓)▓
▓[▓.▓.▓.▓.▓.▓.▓
▓H▓.▓)▓.▓.▓.▓.▓
▓y▓.▓)▓.▓†▓.▓.▓
▓@▓.▓[▓.▓†▓.▓'▓
▓.▓.▓'▓.▓.▓.▓_▓
▓.▓.▓)▓.▓.▓.▓_▓
▓.▓.▓.▓.▓.▓.▓_▓
▓.▓.▓.▓.▓.▓.▓_▓
▓.▓.▓)▓.▓.▓.▓_▓
▓.▓.▓.▓.▓.▓.▓_▓
▓.▓.▓.▓.▓.▓.▓_▓
▓.▓.▓.▓.▓÷▓.▓_▓


You could see a sphinx, a spark wasp (burning), a glowing orange brain and a
yaktaur.

Vanquished Creatures
  A stone giant (D)
  A rakshasa (D)
  An ogre mage (D)
  A death yak (D)
  A two-headed ogre (D)
  7 orc high priests (D)
  Urug (D)
  An unseen horror (D)
  An orc knight (D)
  2 spiny frogs (D)
  A rime drake (D)
  An efreet (D)
  A yaktaur (D)
  A komodo dragon (D)
  A troll (D)
  4 polar bears (D)
  3 hippogriffs (D)
  A wraith (D)
  A yak (D)
  An acid dragon (D)
  2 water moccasins (D)
  2 porcupines (D)
  4 black bears (D)
  14 orc warriors (D)
  A phantom (D)
  2 ice beasts (D)
  A centaur (D)
  2 ogres (D)
  4 crocodiles (D)
  A bullfrog (D)
  A crimson imp (D)
  A hound (D)
  7 orc priests (D)
  An orc wizard (D)
  An adder skeleton (D)
  An adder zombie (D)
  A dart slug (D)
  9 orcs (D)
  A bat (D)
  A bat skeleton (D)
  A giant cockroach (D)
  2 goblins (D)
  A jackal skeleton (D)
  A leopard gecko simulacrum (D)
  A leopard gecko zombie (D)
95 creatures vanquished.

Notes
Turn   | Place    | Note
-------+----------+-------------------------------------------
     0 | D        | Gingerlord the Deep Elf Fire Elementalist began the quest for the Orb.
     0 | D        | Reached XP level 1. HP: 10/10 MP: 6/6
   170 | D        | Noticed an ice beast
   170 | D        | Noticed an orc priest
   174 | D        | Killed an orc priest
   174 | D        | Reached skill level 1 in Fighting
   174 | D        | Reached skill level 4 in Spellcasting
   174 | D        | Reached XP level 2. HP: 10/16 MP: 3/9
   174 | D        | Reached XP level 3. HP: 13/20 MP: 3/11
   177 | D        | Reached skill level 5 in Spellcasting
   181 | D        | Killed an ice beast
   181 | D        | Reached skill level 5 in Dodging
   181 | D        | Reached skill level 6 in Spellcasting
   181 | D        | Reached skill level 5 in Fire Magic
   181 | D        | Reached XP level 4. HP: 18/27 MP: 9/14
   284 | D        | Found a roughly hewn altar of Beogh.
   284 | D        | Found a snail-covered altar of Cheibriados.
   284 | D        | Found a shadowy altar of Dithmenos.
   284 | D        | Found a white marble altar of Elyvilon.
   284 | D        | Found a blossoming altar of Fedhas.
   284 | D        | Found an opulent altar of Gozag.
   285 | D        | Found a hazy altar of Hepliaklqana.
   286 | D        | Found a viscous altar of Jiyva.
   287 | D        | Found an ancient bone altar of Kikubaaqudgha.
   288 | D        | Found a corrupted altar of Lugonu.
   289 | D        | Found a burning altar of Makhleb.
   290 | D        | Found a sparkling altar of Nemelex Xobeh.
   291 | D        | Found an iron altar of Okawaru.
   292 | D        | Found a stormy altar of Qazlal.
   293 | D        | Found a sacrificial altar of Ru.
   294 | D        | Found a deep blue altar of Sif Muna.
   295 | D        | Found a bloodstained altar of Trog.
   296 | D        | Found a hide-covered altar of Uskayaw.
   297 | D        | Found a radiant altar of Vehumet.
   298 | D        | Found an ornate altar of the Wu Jian Council.
   299 | D        | Found a shimmering altar of Xom.
   300 | D        | Found a basalt altar of Yredelemnul.
   301 | D        | Found a glowing silver altar of Zin.
   302 | D        | Found a glowing golden altar of the Shining One.
   305 | D        | Became a worshipper of Vehumet
   341 | D        | Learned a level 3 spell: Conjure Flame
   346 | D        | Learned a level 4 spell: Sticky Flame
   346 | D        | Noticed an ogre
   346 | D        | Noticed a two-headed ogre
   346 | D        | Noticed a troll
   346 | D        | Noticed a centaur
   346 | D        | Noticed an ice beast
   346 | D        | Noticed an ogre
   353 | D        | Killed an ogre
   353 | D        | Reached skill level 7 in Spellcasting
   353 | D        | Reached skill level 5 in Conjurations
   353 | D        | Reached XP level 5. HP: 32/32 MP: 5/17
   436 | D        | Killed an ice beast
   436 | D        | Reached skill level 8 in Spellcasting
   436 | D        | Reached XP level 6. HP: 37/37 MP: 7/19
   438 | D        | Reached * piety under Vehumet
   438 | D        | Offered knowledge of Magic Dart by Vehumet.
   438 | D        | Reached skill level 9 in Spellcasting
   454 | D        | Killed a troll
   454 | D        | Reached XP level 7. HP: 43/43 MP: 13/22
   461 | D        | Killed a two-headed ogre
   461 | D        | Reached skill level 5 in Fighting
   461 | D        | Reached skill level 10 in Dodging
   461 | D        | Reached skill level 11 in Spellcasting
   461 | D        | Reached skill level 10 in Fire Magic
   461 | D        | Reached XP level 8. HP: 49/49 MP: 11/25
   465 | D        | Reached ** piety under Vehumet
   472 | D        | Learned a level 5 spell: Fireball
   562 | D        | Offered knowledge of Searing Ray by Vehumet.
   570 | D        | Reached *** piety under Vehumet
   573 | D        | Reached skill level 12 in Spellcasting
   573 | D        | Reached skill level 10 in Conjurations
   789 | D        | Noticed a hippogriff
   789 | D        | Noticed a hippogriff
   789 | D        | Noticed a spiny frog
   793 | D        | Killed a spiny frog
   793 | D        | Offered knowledge of Ignite Poison by Vehumet.
   799 | D        | Killed a hippogriff
   799 | D        | Reached **** piety under Vehumet
   799 | D        | Reached XP level 9. HP: 33/55 MP: 11/27
   801 | D        | Noticed a rime drake
   822 | D        | Reached skill level 13 in Spellcasting
   834 | D        | Reached ***** piety under Vehumet
   839 | D        | Killed a rime drake
   938 | D        | Learned a level 3 spell: Ignite Poison
   956 | D        | Noticed a death yak
   956 | D        | Noticed a spiny frog
   961 | D        | Offered knowledge of Fulminant Prism by Vehumet.
   963 | D        | Reached skill level 1 in Poison Magic
   968 | D        | Killed a spiny frog
   969 | D        | Killed a death yak
   969 | D        | Reached skill level 14 in Spellcasting
   969 | D        | Reached XP level 10. HP: 21/61 MP: 16/30
  1023 | D        | Reached ****** piety under Vehumet
  1185 | D        | Offered knowledge of Yara's Violent Unravelling by Vehumet.
  1207 | D        | Reached skill level 15 in Spellcasting
  1456 | D        | Offered knowledge of Iron Shot by Vehumet.
  1465 | D        | Noticed a stone giant
  1485 | D        | Killed a stone giant
  1494 | D        | Reached skill level 5 in Poison Magic
  1794 | D        | Learned a level 6 spell: Iron Shot
  1800 | D        | Offered knowledge of Lee's Rapid Deconstruction by Vehumet.
  1811 | D        | Reached skill level 1 in Earth Magic
  1811 | D        | Reached XP level 11. HP: 59/67 MP: 4/32
  2016 | D        | Offered knowledge of Bolt of Magma by Vehumet.
  2023 | D        | Learned a level 5 spell: Bolt of Magma
  2152 | D        | Noticed an orc knight
  2158 | D        | Killed an orc knight
  2158 | D        | Reached skill level 16 in Spellcasting
  2243 | D        | Found Tittiad's Distillery.
  2243 | D        | Noticed an orc high priest
  2243 | D        | Noticed an orc high priest
  2246 | D        | Noticed an orc high priest
  2247 | D        | Killed an orc high priest
  2247 | D        | Reached skill level 15 in Dodging
  2247 | D        | Killed an orc high priest
  2265 | D        | Killed an orc high priest
  2432 | D        | Found Conil's Distillery.
  2436 | D        | Found Seel's Weapon Boutique.
  2439 | D        | Found Jaetih's Armour Shop.
  2441 | D        | Noticed an orc high priest
  2441 | D        | Noticed an orc high priest
  2444 | D        | Killed an orc high priest
  2444 | D        | Reached skill level 17 in Spellcasting
  2446 | D        | Noticed a sixfirhy
  2449 | D        | Noticed an orc high priest
  2449 | D        | Killed an orc high priest
  2449 | D        | Offered knowledge of Venom Bolt by Vehumet.
  2451 | D        | Noticed an orc high priest
  2472 | D        | Killed an orc high priest
  2472 | D        | Reached skill level 5 in Earth Magic
  2567 | D        | Killed an orc high priest
  2811 | D        | Learned a level 5 spell: Venom Bolt
  2838 | D        | Bought a potion of resistance for 110 gold pieces
  2838 | D        | Bought a potion of haste for 110 gold pieces
  2838 | D        | Bought a potion of magic for 88 gold pieces
  2838 | D        | Bought a potion of heal wounds for 55 gold pieces
  2840 | D        | Bought a potion of curing for 39 gold pieces
  2840 | D        | Bought a potion of heal wounds for 65 gold pieces
  2840 | D        | Bought a potion of magic for 104 gold pieces
  2840 | D        | Bought a potion of haste for 130 gold pieces
  2840 | D        | Bought a potion of curing for 39 gold pieces
  2846 | D        | Bought a +2 robe of magic resistance for 247 gold pieces
  2871 | D        | Noticed Urug
  2882 | D        | Killed Urug
  3069 | D        | Noticed a rakshasa
  3069 | D        | Killed an unseen horror
  3074 | D        | Reached skill level 18 in Spellcasting
  3079 | D        | Noticed a spark wasp
  3079 | D        | Noticed an ogre mage
  3081 | D        | Killed a rakshasa
  3082 | D        | HP: 3/68 [efreet/fireball (32)]
  3084 | D        | Noticed a sphinx
  3084 | D        | Reached XP level 12. HP: 31/73 MP: 16/36
  3085 | D        | Killed an ogre mage
  3085 | D        | Offered knowledge of Ozocubu's Refrigeration by Vehumet.
  3089 | D        | Slain by a spark wasp

Skill      XL: |  1  2  3  4  5  6  7  8  9 10 11 12 |
---------------+-------------------------------------+-----
Dodging        | 4 5 6 7 9 10 11 13 14 16 17 | 17.0
Conjurations   | 3 4 5 6 8 9 10 12 13 14 | 14.5
Fighting       | 1 2 3 4 5 6 7 8 |  8.0
Spellcasting   | 4 6 7 8 9 11 12 14 15 18 | 18.3
Fire Magic     | 4 5 6 7 8 10 11 12 13 14 | 14.8
Poison Magic   | 2 5 |  5.0
Earth Magic    | 1 6 |  6.7
Stealth        | |  2.4

Action                   |  1- 3 |  4- 6 |  7- 9 | 10-12 || total
-------------------------+-------+-------+-------+-------++-------
Melee: Unarmed           |    13 |       |       |       ||    13
       Staff             |       |       |       |     9 ||     9
 Cast: Flame Tongue      |    17 |    34 |    65 |   107 ||   223
       Conjure Flame     |       |     3 |     5 |    10 ||    18
       Sticky Flame      |       |       |     4 |    18 ||    22
       Fireball          |       |       |     1 |    12 ||    13
       Bolt of Magma     |       |       |       |    28 ||    28
       Venom Bolt        |       |       |       |     4 ||     4
       Iron Shot         |       |       |       |     2 ||     2
       Ignite Poison     |       |       |       |     1 ||     1
Evoke: Wand              |       |       |     2 |       ||     2
       Staff of energy   |       |       |       |     1 ||     1
  Use: Potion            |     2 |     1 |     3 |     6 ||    12
       Scroll            |       |       |       |     1 ||     1
  Eat: Ration            |       |       |       |     2 ||     2
Armor: Robe              |     5 |       |       |     2 ||     7
       Acid dragon scale |       |       |    10 |     7 ||    17
Dodge: Dodged            |    17 |     2 |    29 |    79 ||   127
